 Dungeon Crawl Stone Soup version 0.31-a0-1352-gc98d92de7d (webtiles) character file.

Game seed: 1506751643588498202

136 dorian the Changeling (level 5, -2/48 HPs)
             Began as an Oni Shapeshifter on Dec 22, 2023.
             Slain by an orc
             ... wielding a +0 flail
              (8 damage)
             ... on level 3 of the Dungeon.
             The game lasted 00:02:47 (1687 turns).

dorian the Changeling (Oni Shapeshifter)            Turns: 1687, Time: 00:02:48

Health: -2/48      AC:  3    Str: 18    XL:     5   Next: 19%
Magic:  5/5        EV:  9    Int: 11    God:
Gold:   159        SH:  0    Dex: 10    Spells: 4/4 levels left

rFire   . .          .
                       - Unarmed
rCold   . . .        (no shield)
rNeg    + . .        a - +0 animal skin
rPois   .            (helmet currently unavailable)
rElec   .            (cloak currently unavailable)
rCorr   .            (gloves unavailable)
SInv    .            (boots unavailable)
Will    .....        j - amulet of regeneration
Stlth   +            m - ring of positive energy
HPRegen 1.08/turn    (no ring)
MPRegen 0.09/turn

%: no passive effects
@: beast-form
A: beast (slay +2), large, unfitting armour, horns 1, tough skin 1, double
potion healing, drunken brawling
a: Begin Untransformation


You were on level 3 of the Dungeon.
You were a hulking beast.
You visited 1 branch of the dungeon, and saw 3 of its levels.

You collected 159 gold pieces.

Inventory:

Armour
 a - a +0 animal skin (worn)
Jewellery
 j - an amulet of regeneration (around neck)
 m - a ring of positive energy (left hand)
 n - an amulet of the acrobat
Talismans
 c - a beast talisman
 d - a flux talisman
Wands
 p - a wand of paralysis (4)
Scrolls
 b - a scroll of amnesia {unknown}
 f - a scroll of vulnerability {unknown}
 g - 2 scrolls of enchant weapon {unknown}
 h - 4 scrolls of teleportation {unknown}
 i - 2 scrolls of enchant armour {unknown}
 o - 4 scrolls of identify {unknown}
Potions
 e - a potion of brilliance {unknown}
 k - 2 potions of curing {unknown}
 l - a potion of enlightenment {unknown}


   Skills:
 - Level 1.3 Fighting
 - Level 1.7 Dodging
 + Level 4.1 Unarmed Combat
 + Level 4.3 Shapeshifting


You had 4 spell levels left.
You didn't know any spells.
Your spell library contained the following spells:

 Spells                   Type           Power      Damage    Failure   Level
 Magic Dart               Conj           0%         1d3       34%         1
 Summon Small Mammal      Summ           0%         N/A       34%         1
 Blink                    Tloc           0%         N/A       47%         2
 Call Imp                 Summ           0%         N/A       47%         2
 Call Canine Familiar     Summ           0%         N/A       71%         3
 Summon Guardian Golem    Hex/Summ       0%         N/A       71%         3


Dungeon Overview and Level Annotations

Branches:
Dungeon (3/15)

Altars:
Uskayaw
Zin

Shops:
D:1 :

Annotations:
D:2 Natasha


Innate Abilities, Weirdness & Mutations

You are a hulking beast.
Your limbs bulge with bestial killing power. (Slay +2)
You are too large for most types of armour.
You have a pair of small horns on your head.
You have tough skin. (AC +1)
You gain doubled healing and magic from potions.
Whenever you drink a healing potion, you attack all around you.


Message History

The orc wizard closely misses you. The orc hits you with a +0 flail.
The orc hits you but does no damage.
You bump into the rock wall.
The orc wizard hits you with a +0 dagger.
The orc hits you with a +0 flail. The orc hits you with a +0 dagger.
You hit the orc wizard. You headbutt the orc wizard.
Your punch misses the orc wizard.
The orc wizard is heavily wounded.
The orc wizard hits you with a +0 dagger.
The orc closely misses you. The orc barely misses you.
The orc wizard casts a spell at you. The puff of flame hits you!
* * * LOW HITPOINT WARNING * * *
You hit the orc wizard. Your headbutt misses the orc wizard.
The orc wizard is almost dead.
The orc wizard hits you with a +0 dagger.
* * * LOW HITPOINT WARNING * * *
The orc hits you but does no damage. The orc attacks as it pursues you!
The orc hits you but does no damage.
Things that are here:
a +0 dagger; a +0 ring mail; an orc corpse The orc hits you with a +0 dagger.
* * * LOW HITPOINT WARNING * * *
You hit the orc.
The orc is severely wounded.
You feel less confused.
The orc wizard points at you and mumbles some strange words.
You resist with some effort. The orc hits you but does no damage.
You closely miss the orc wizard.
You headbutt the orc wizard, but do no damage.
The orc wizard is almost dead.
The orc hits you with a +0 flail!
* * * LOW HITPOINT WARNING * * *
You hit the orc wizard but do no damage.
Your headbutt misses the orc wizard.
The orc wizard is almost dead.
The orc wizard hits you with a +0 dagger.
* * * LOW HITPOINT WARNING * * *
The orc barely misses you. The orc hits you with a +0 flail!
You die...

#.#### #..... #....#
..... .$... .....####
#...# ####...... #...#
.. .........# #...#
..........#.# #### #..#
#.######.... .....#oo#
#.....##.... ._.#.#oh#
#........... .....#..##
#........... .........#
#....#....#. 8.8......#
###......... .........#
#....##... ....8...(#
#....##... .........#
##.........
....8....#####...#....#.
........................


You could see an orc wizard and 2 orcs.

Vanquished Creatures
  Natasha (twice) (D:2)
  3 adders (D:2)
  A worm (D:2)
  An orc (D:3)
  4 endoplasms
  6 giant cockroaches
  8 goblins (D:1)
  5 hobgoblins
  4 jackals (D:2)
  A quokka (D:1)
  4 ball pythons
  6 bats
  2 frilled lizards (D:1)
  7 kobolds
54 creatures vanquished.

Notes
Turn   | Place    | Note
-------+----------+-------------------------------------------
     0 | D:1      | dorian the Oni Shapeshifter began the quest for the Orb.
     0 | D:1      | Reached XP level 1. HP: 19/19 MP: 1/1
    76 | D:1      | Reached XP level 2. HP: 16/27 MP: 2/2
   294 | D:1      | Found a faded altar of an unknown god.
   580 | D:1      | Reached XP level 3. HP: 33/33 MP: 3/3
   758 | D:1      | Found Lat Qel's Book Shoppe.
  1084 | D:2      | Reached XP level 4. HP: 34/41 MP: 4/4
  1142 | D:2      | Found a glowing silver altar of Zin.
  1348 | D:2      | Noticed Natasha
  1367 | D:2      | Killed Natasha
  1457 | D:2      | Noticed Natasha
  1462 | D:2      | Killed Natasha
  1463 | D:2      | Reached XP level 5. HP: 36/48 MP: 5/5
  1479 | D:2      | Noticed Natasha
  1659 | D:3      | Found a hide-covered altar of Uskayaw.
  1687 | D:3      | Slain by an orc

Illustrated notes

Levels and vault maps discovered:
D:1:      pf_arrival_petrified_forest, layout_loops_corners,
          hellmonk_ecumenical_altar_zigzags, serial_shops, shop,
          chequers_serial_rivers_small_3
D:2:      layout_rooms, basic_altar, minmay_gold_behind_fungi, uniq_natasha
D:3:      wander_river, layout_basic, nicolae_uskayaw_dance_hall,
          minmay_misc_feat_doors, amcnicky_mini_corridor_feature,
          roderic_batcave, skrybe_limestone_x, nrook_mini_backslash

Skill      XL: |  1  2  3  4 |
---------------+-------------+-----
Unarmed Combat | 3 4 |  4.1
Shapeshifting  | 4 |  4.3
Fighting       | |  1.3
Dodging        | |  1.7

Action                     |  1- 3 |  4- 6 || total
---------------------------+-------+-------++-------
  Melee: Unarmed           |    87 |    72 ||   159
         Headbutt          |     6 |     5 ||    11
         Punch             |     2 |     2 ||     4
    Use: Potion            |       |     1 ||     1
   Stab: Sleeping          |       |     1 ||     1
 Armour: Animal skin       |    50 |    69 ||   119
         Skin              |       |     2 ||     2
  Dodge: Dodged            |    37 |    42 ||    79

Table legend: (Time is in decaauts)
 A = Elapsed time spent in this place.
 B = Non-inter-level travel time spent in this place.
 C = Inter-level travel time spent in this place.
 D = Time resting spent in this place.
 E = Time spent auto-exploring this place.
 F = Levels seen in this place.
 G = Mean time per level.
                   A        B        C        D        E       F      G
               +--------+--------+--------+--------+--------+-----+--------+
         Total |   1676 |   1642 |     34 |     37 |   1242 |   3 |  558.7 |
       Dungeon |   1676 |   1642 |     34 |     37 |   1242 |   3 |  558.7 |
               +--------+--------+--------+--------+--------+-----+--------+

Top non-repeatable levels by time:
     D:1: 985 daAuts
     D:2: 575 daAuts
     D:3: 115 daAuts
